 Dungeon Crawl Stone Soup version 0.29.1-15-g9cfb28693d (console) character file.

Game seed: 17227293604430446318

62 Goreval the Insei (level 4, -12/33 HPs)
             Began as a Merfolk Transmuter on Mar 16, 2023.
             Mangled by Terence
             ... wielding a +0 flail
              (15 damage)
             ... on level 3 of the Dungeon.
             The game lasted 00:07:02 (2845 turns).

Goreval the Insei (Merfolk Transmuter)              Turns: 2845, Time: 00:07:02

Health: -12/33     AC:  2    Str: 10    XL:     4   Next: 8%
Magic:  5/7        EV: 20    Int: 14    God:
Gold:   140        SH:  0    Dex: 19    Spells: 1/7 levels left

rFire   . . .      SeeInvis .     - Unarmed
rCold   . . .      Faith    .   (shield currently unavailable)
rNeg    . . .      Spirit   .   (body armour currently unavailable)
rPois   x          Reflect  .   (helmet currently unavailable)
rElec   .          Harm     .   (cloak currently unavailable)
rCorr   .          Rampage  .   (gloves currently unavailable)
Will    .....                   (boots currently unavailable)
Stlth   ++........              (no amulet)
HPRegen 0.11/turn               (no ring)
MPRegen 0.10/turn               (no ring)

@: spider-form (expiring)
A: venomous fangs, tiny, (nimble swimmer 2), (mertail)
a: End Transformation


You were on level 3 of the Dungeon.
You were a venomous arachnid creature.
You visited 1 branch of the dungeon, and saw 3 of its levels.

You collected 140 gold pieces.

Inventory:

Armour
 a - a +0 robe (melded)
 i - a +0 pair of gloves (melded)
Jewellery
 k - a ring of fire
Wands
 f - a wand of flame (16)
Scrolls
 e - 2 scrolls of identify {unknown}
 m - a scroll of teleportation {unknown}
Potions
 b - a potion of lignification
 c - 3 potions of curing {unknown}
 d - a potion of degeneration {unknown}
 g - 2 potions of flight {unknown}
 h - a potion of haste {unknown}
 j - 2 potions of might
 l - a potion of heal wounds {unknown}


   Skills:
 + Level 2.0 Fighting
 - Level 2.6 Dodging
 * Level 4.1 Unarmed Combat
 - Level 2.0 Spellcasting
 * Level 4.0 Transmutations
 + Level 0.7 Poison Magic


You had one spell level left.
You knew the following spells:

 Your Spells              Type           Power      Damage    Failure   Level
a - Beastly Appendage     Tmut           24%        N/A       14%         1
b - Wereblood             Tmut           12%        N/A       19%         2
c - Spider Form           Tmut/Pois      8%         N/A       47%         3

Your spell library contained the following spells:

 Spells                   Type           Power      Damage    Failure   Level
 Ice Form                 Ice/Tmut       7%         N/A       87%         4


Dungeon Overview and Level Annotations

Branches:
Dungeon (3/15) Zot: 15162

Altars:

Annotations:
D:3 Terence


Innate Abilities, Weirdness & Mutations

You are a venomous arachnid creature.
You have poisonous fangs.
You are tiny and dextrous.
Your spellcasting is less reliable in this form.
Your armour is entirely melded.
You are incapable of wielding weapons or throwing items.
((You are very nimble when in or above water. (Stealth+, EV+, Speed+++)))
((Your lower body shifts to a powerful aquatic tail in water.))


Message History

[a faded altar of an unknown god.] Terence is nearby!
Here: Terence, wielding a +0 flail and wearing a +3 chain mail of cold resistance (asleep)
The floor.
Terence shouts!
The floor.
Here: Terence, wielding a +0 flail and wearing a +3 chain mail of cold resistance The floor.
Terence looks scornfully at you.
Okay, then.
You grow a pair of large bovine horns.
Okay, then.
Aim: Terence, wielding a +0 flail and wearing a +3 chain mail of cold resistance (77% to hit)
The puff of flame hits Terence.
You hit Terence but do no damage. Terence hits you with a +0 flail!
You hit Terence but do no damage. Your punch misses Terence.
Terence drinks a potion.
Terence seems to grow stronger.
You hit Terence but do no damage. You headbutt Terence, but do no damage.
Terence shouts, "Get ready for death!"
Terence hits you with a +0 flail!
Unknown command.
Terence attacks as you move away! Terence barely misses you.
There is a stone staircase leading up here.
The spell is quite dangerous to miscast (26% risk of failure)!
Continue anyway?
Your horns disappear.
You turn into a venomous arachnid creature.
Your +0 pair of gloves melds into your body.
Your +0 robe melds into your body.
Terence completely misses you.
Unknown command.
You hit Terence but do no damage.
Terence is poisoned.
Terence hits you with a +0 flail!
* * * LOW HITPOINT WARNING * * *
Terence attacks as you move away! Terence barely misses you.
Your transformation is almost over.
Terence attacks as you move away! Terence completely misses you.
Terence attacks as you move away! Terence closely misses you.
You hit Terence.
Terence asks, "Do you want it fast or slow?"
Terence hits you with a +0 flail!
You die...

.........# ##.......###
#..........# #..........#
#..........### #.........(..#
#............# ##.......##.#
##....[...#..#
####......#.....#
####.........#.....#
#.......##...##...##
#.#..######..##..##
##.#.#######..##..#
##..........#(.##..#
##..............#...#
#.#####...............<..##
.#............).......)...#
#..#####...................##
...####.................#..#
.......................###.# .
.##....................# #.#
......#..................# #.#
.........................###.#
......_....................#.#
<....##.................##s#.##
.#[..##...............##.@..#
###.................†#######
####........>....[.#
##.....>........#
##).............#
###...............#
###...#............##
#..............##..#
......#.#...........###
....#...........#.....##
##.....#######....#.#..#
...########....#....##.# ..
........#....#..##.#
.########....#####.#
#...#####..# #...#.....##
#.....##### #...### #...# #...#
#...# #####


You could see Terence (strong, poisoned).

Vanquished Creatures
  An adder (D:2)
  A dart slug (D:3)
  An orc (D:3)
  A bat (D:1)
  7 endoplasms
  2 giant cockroaches
  4 goblins
  4 hobgoblins
  6 jackals
  3 quokkas
  3 ball pythons
  5 frilled lizards
  3 kobolds
  3 rats
44 creatures vanquished.

Notes
Turn   | Place    | Note
-------+----------+-------------------------------------------
     0 | D:1      | Goreval the Merfolk Transmuter began the quest for the Orb.
     0 | D:1      | Reached XP level 1. HP: 15/15 MP: 3/3
   289 | D:1      | Reached XP level 2. HP: 21/21 MP: 3/5
   292 | D:1      | Learned a level 2 spell: Wereblood
   806 | D:1      | Reached XP level 3. HP: 21/26 MP: 4/6
   810 | D:1      | Learned a level 3 spell: Spider Form
  2681 | D:3      | Reached XP level 4. HP: 33/33 MP: 5/7
  2786 | D:3      | Found a faded altar of an unknown god.
  2812 | D:3      | Noticed Terence
  2833 | D:3      | HP: 1/33 [Terence/+0 flail (12)]
  2845 | D:3      | Mangled by Terence

Illustrated notes

Levels and vault maps discovered:
D:1:      dpeg_arrival_lava_temple_mockup, layout_loops_ring, st_stairs_14,
          chequers_serial_rivers_micro_d, minmay_misc_feat_square
D:2:      layout_basic
D:3:      layout_rooms, basic_ecumenical_altar, dreamdust_princess_bridge,
          uniq_terence

Skill      XL: |  1  2  3  4 |
---------------+-------------+-----
Transmutations | 3 4 |  4.0
Unarmed Combat | 4 |  4.1
Fighting       | 2 |  2.0
Dodging        | |  2.6
Spellcasting   | |  2.0
Poison Magic   | |  0.7

Action                   |  1- 3 |  4- 6 || total
-------------------------+-------+-------++-------
Melee: Unarmed           |   108 |     7 ||   115
       Headbutt          |    20 |     3 ||    23
       Punch             |     2 |       ||     2
 Cast: Beastly Appendage |    29 |     3 ||    32
       Spider Form       |       |     1 ||     1
Evoke: Wand              |       |     1 ||     1
 Stab: Sleeping          |     5 |       ||     5
Armor: Robe              |    10 |       ||    10
Dodge: Dodged            |    60 |     5 ||    65
